TOP OF THE 1ST |
Hialeah Dodos batting - Pitching for Brinkley Belugas : LHP Myles Wilkerson
|
Pitching: LHP Myles Wilkerson
|
|
Batting: RHB Diego Bonilla
|
0-0: Foul Ball, location: 2F 0-1: Ball 1-1: Ball 2-1: Fly out, F7 (Flyball, 7S)
|
Batting: SHB Vincente Ybarra
|
0-0: Ball 1-0: Called Strike 1-1: Foul Ball, location: 2F 1-2: Fly out, F1 (Line Drive, 13S)
|
Batting: LHB Raúl Aguirre
|
0-0: Called Strike 0-1: Foul Ball, location: 2F 0-2: Ball 1-2: Foul Ball, location: 2F 1-2: Ball 2-2: Ball 3-2: Foul Ball, location: 2F 3-2: Base on Balls
|
Batting: LHB Álex Burgos
|
0-0: Called Strike 0-1: Ball 1-1: Foul Ball, location: 2F 1-2: Ball 2-2: Ball 3-2: 2-RUN HOME RUN (Flyball, 89XD), Distance : 411 ft
|
Batting: LHB Scott Janousek
|
0-0: Foul Ball, location: 2F 0-1: Ground out 4-3 (Groundball, 34D)
|
Top of the 1st over - 2 run(s), 1 hit(s), 0 error(s), 0 left on base; Hialeah 2 - Brinkley 0 |
BOTTOM OF THE 1ST |
Brinkley Belugas batting - Pitching for Hialeah Dodos : RHP Carlos Garza
|
Pitching: RHP Carlos Garza
|
|
Batting: RHB Steve Jones
|
0-0: Fly out, F8 (Flyball, 8LS)
|
Batting: RHB Jay Kidd
|
0-0: Ball 1-0: Ball 2-0: Called Strike 2-1: Foul Ball, location: 2F 2-2: Strikes out swinging
|
Batting: LHB Eric Porter
|
0-0: Ball 1-0: Ball 2-0: Called Strike 2-1: Ball 3-1: Base on Balls
|
Batting: RHB Brandon Cole
|
0-0: Ground out 5-3 (Groundball, 56S)
|
Bottom of the 1st over - 0 run(s), 0 hit(s), 0 error(s), 1 left on base; Hialeah 2 - Brinkley 0 |
TOP OF THE 2ND |
Hialeah Dodos batting - Pitching for Brinkley Belugas : LHP Myles Wilkerson
|
Batting: RHB Vincente Rotham
|
0-0: Ball 1-0: Called Strike 1-1: Foul Ball, location: 2F 1-2: TRIPLE (Line Drive, 9LM)
|
Batting: LHB Errol Levick
|
0-0: Swinging Strike 0-1: Foul Ball, location: 2F 0-2: Foul Ball, location: 2F 0-2: Ball 1-2: Ball 2-2: Foul Ball, location: 2F 2-2: Ball 3-2: SINGLE (Line Drive, 9S) Vincente Rotham scores
|
Batting: RHB Javier Santos
|
0-0: DOUBLE (Groundball, 5L) Errol Levick to third
|
Batting: RHB Daniel Ruíz
|
0-0: Foul Ball, location: 2F 0-1: Ball 1-1: Ball 2-1: Foul Ball, location: 2F 2-2: Strikes out swinging
|
Batting: RHB Diego Bonilla
|
0-0: Ground out 5-3 (Groundball, 5S)
|
Batting: SHB Vincente Ybarra
|
0-0: Ball 1-0: Fly out, F7 (Flyball, 7)
|
Top of the 2nd over - 1 run(s), 3 hit(s), 0 error(s), 2 left on base; Hialeah 3 - Brinkley 0 |
BOTTOM OF THE 2ND |
Brinkley Belugas batting - Pitching for Hialeah Dodos : RHP Carlos Garza
|
Batting: LHB Mario Nieves
|
0-0: Called Strike 0-1: SINGLE (Groundball, 34D)
|
Batting: LHB Ubbe van Antwerpen
|
0-0: Ball 1-0: Called Strike 1-1: Foul Ball, location: 2F 1-2: Ball 2-2: Foul Ball, location: 2F 2-2: 2-RUN HOME RUN (Flyball, 89XD), Distance : 433 ft
|
Batting: RHB Manny Carbajal
|
0-0: Ball 1-0: Ball 2-0: Called Strike 2-1: Ball 3-1: Called Strike 3-2: Fly out, F7 (Flyball, 78D)
|
Batting: RHB Arnold Giroux
|
0-0: Swinging Strike 0-1: Called Strike 0-2: Strikes out swinging
|
Batting: SHB Noel King
|
0-0: Called Strike 0-1: Foul Ball, location: 2F 0-2: Foul Ball, location: 2F 0-2: Fly out, F9 (Flyball, 89S)
|
Bottom of the 2nd over - 2 run(s), 2 hit(s), 0 error(s), 0 left on base; Hialeah 3 - Brinkley 2 |
TOP OF THE 3RD |
Hialeah Dodos batting - Pitching for Brinkley Belugas : LHP Myles Wilkerson
|
Batting: LHB Raúl Aguirre
|
0-0: Called Strike 0-1: Called Strike 0-2: Ball 1-2: Foul Ball, location: 2F 1-2: Foul Ball, location: 2F 1-2: Fly out, F7 (Flyball, 7LMF)
|
Batting: LHB Álex Burgos
|
0-0: Ball 1-0: Ball 2-0: SINGLE (Groundball, 56D)
|
Batting: LHB Scott Janousek
|
0-0: Foul Ball, location: 2F 0-1: Foul Ball, location: 2F 0-2: Ball 1-2: Ball 2-2: Strikes out swinging
|
Batting: RHB Vincente Rotham
|
0-0: Fielders Choice at 2nd, 6-4 (Groundball, 6)
|
Top of the 3rd over - 0 run(s), 1 hit(s), 0 error(s), 0 left on base; Hialeah 3 - Brinkley 2 |
BOTTOM OF THE 3RD |
Brinkley Belugas batting - Pitching for Hialeah Dodos : RHP Carlos Garza
|
Batting: RHB Steve Jones
|
0-0: Ball 1-0: Fly out, F7 (Flyball, 7)
|
Batting: RHB Jay Kidd
|
0-0: Ball 1-0: Ball 2-0: Ball 3-0: Called Strike 3-1: Base on Balls
|
Batting: LHB Eric Porter
|
0-0: Ball 1-0: Foul Ball, location: 2F 1-1: Called Strike 1-2: Foul Ball, location: 2F 1-2: Ball 2-2: Foul Ball, location: 2F 2-2: SINGLE (Line Drive, 34D) Jay Kidd to second
|
Batting: RHB Brandon Cole
|
0-0: Ball 1-0: Called Strike 1-1: Foul Ball, location: 2F 1-2: Foul Ball, location: 2F 1-2: Ball 2-2: Fly out, F2 (Popup, 3S)
|
Batting: LHB Mario Nieves
|
0-0: Foul Ball, location: 2F 0-1: Fielders Choice at 2nd, 4-6 (Groundball, 4)
|
Bottom of the 3rd over - 0 run(s), 1 hit(s), 0 error(s), 1 left on base; Hialeah 3 - Brinkley 2 |
TOP OF THE 4TH |
Hialeah Dodos batting - Pitching for Brinkley Belugas : LHP Myles Wilkerson
|
Batting: LHB Errol Levick
|
0-0: Ball 1-0: Swinging Strike 1-1: Foul Ball, location: 2F 1-2: Strikes out swinging
|
Batting: RHB Javier Santos
|
0-0: Ball 1-0: Ball 2-0: Ball 3-0: Called Strike 3-1: Called Strike 3-2: Foul Ball, location: 2F 3-2: Ground out 1-3 (Groundball, 15S)
|
Batting: RHB Daniel Ruíz
|
0-0: Ball 1-0: Foul Ball, location: 2F 1-1: Ground out 6-3 (Groundball, 6)
|
Top of the 4th over - 0 run(s), 0 hit(s), 0 error(s), 0 left on base; Hialeah 3 - Brinkley 2 |
BOTTOM OF THE 4TH |
Brinkley Belugas batting - Pitching for Hialeah Dodos : RHP Carlos Garza
|
Batting: LHB Ubbe van Antwerpen
|
0-0: Ball 1-0: Called Strike 1-1: Foul Ball, location: 2F 1-2: Strikes out swinging
|
Batting: RHB Manny Carbajal
|
0-0: Ball 1-0: Ball 2-0: Foul Ball, location: 2F 2-1: Fly out, F5 (Line Drive, 5)
|
Batting: RHB Arnold Giroux
|
0-0: Ball 1-0: Ball 2-0: Foul Ball, location: 2F 2-1: Called Strike 2-2: Strikes out swinging
|
Bottom of the 4th over - 0 run(s), 0 hit(s), 0 error(s), 0 left on base; Hialeah 3 - Brinkley 2 |
TOP OF THE 5TH |
Hialeah Dodos batting - Pitching for Brinkley Belugas : LHP Myles Wilkerson
|
Batting: RHB Diego Bonilla
|
0-0: Ball 1-0: Foul Ball, location: 2F 1-1: Ball 2-1: Ground out 6-3 (Groundball, 56)
|
Batting: SHB Vincente Ybarra
|
0-0: Swinging Strike 0-1: Ball 1-1: Ball Error on foul ball, E9 2-2: Ground out 4-3 (Groundball, 4)
|
Batting: LHB Raúl Aguirre
|
0-0: Ball 1-0: Foul Ball, location: 2F 1-1: Ball 2-1: Foul Ball, location: 2F 2-2: Foul Ball, location: 2F 2-2: Foul Ball, location: 2F 2-2: SINGLE (Line Drive, 9S)
|
Pitching: LHP Dan McBride
|
|
Batting: LHB Álex Burgos
|
0-0: Swinging Strike 0-1: Ball 1-1: Ball 2-1: Swinging Strike 2-2: Strikes out swinging
|
Top of the 5th over - 0 run(s), 1 hit(s), 1 error(s), 1 left on base; Hialeah 3 - Brinkley 2 |
BOTTOM OF THE 5TH |
Brinkley Belugas batting - Pitching for Hialeah Dodos : RHP Carlos Garza
|
Batting: SHB Noel King
|
0-0: Foul Ball, location: 2F 0-1: Ball 1-1: Ball 2-1: Ball 3-1: Base on Balls
|
Batting: RHB Steve Jones
|
0-0: Bunted foul 0-1: Ball 1-1: Sac Bunt - play at second, runner OUT! 1-6
|
Batting: RHB Jay Kidd
|
0-0: Called Strike Steve Jones steals 2nd base 0-1: Foul Ball, location: 2F 0-2: Fly out, F8 (Line Drive, 89M)
|
Batting: LHB Eric Porter
|
0-0: Called Strike 0-1: Swinging Strike 0-2: Strikes out swinging
|
Bottom of the 5th over - 0 run(s), 0 hit(s), 0 error(s), 1 left on base; Hialeah 3 - Brinkley 2 |
TOP OF THE 6TH |
Hialeah Dodos batting - Pitching for Brinkley Belugas : LHP Dan McBride
|
Batting: LHB Scott Janousek
|
0-0: Foul Ball, location: 2F 0-1: Foul Ball, location: 2F 0-2: Ball 1-2: SINGLE (Flyball, 7S)
|
Batting: RHB Vincente Rotham
|
0-0: Ball Scott Janousek is caught stealing 2nd base 1-0: Ball 2-0: Ball 3-0: Called Strike 3-1: Base on Balls
|
Batting: LHB Errol Levick
|
0-0: Ball Vincente Rotham is caught stealing 2nd base 1-0: Fly out, F7 (Flyball, 7LMF)
|
Top of the 6th over - 0 run(s), 1 hit(s), 0 error(s), 0 left on base; Hialeah 3 - Brinkley 2 |
BOTTOM OF THE 6TH |
Brinkley Belugas batting - Pitching for Hialeah Dodos : RHP Carlos Garza
|
Batting: RHB Brandon Cole
|
0-0: Ball 1-0: Ball 2-0: Ball 3-0: Base on Balls
|
Pitching: RHP Jim Unknown
|
|
Batting: LHB Mario Nieves
|
0-0: Swinging Strike 0-1: Fly out, F9 (Flyball, 89S)
|
Batting: LHB Ubbe van Antwerpen
|
0-0: Ball 1-0: Foul Ball, location: 2F 1-1: Ball 2-1: Ball 3-1: Grounds into double play, 3-6-3 (Groundball, 3)
|
Bottom of the 6th over - 0 run(s), 0 hit(s), 0 error(s), 0 left on base; Hialeah 3 - Brinkley 2 |
TOP OF THE 7TH |
Hialeah Dodos batting - Pitching for Brinkley Belugas : LHP Dan McBride
|
Batting: RHB Javier Santos
|
0-0: Swinging Strike 0-1: Foul Ball, location: 2F 0-2: Ball 1-2: Foul Ball, location: 2F 1-2: Foul Ball, location: 2F 1-2: SINGLE (Groundball, 4MD)
|
Batting: RHB Daniel Ruíz
|
0-0: Ball Javier Santos steals 2nd base 1-0: Foul Ball, location: 2F 1-1: Ball 2-1: Foul Ball, location: 2F 2-2: Fly out, F8 (Flyball, 8LS)
|
Batting: RHB Diego Bonilla
|
0-0: Intentional Walk
|
Pinch Hitting: RHB Alexis Smeddon
|
0-0: Ball 1-0: Called Strike 1-1: Foul Ball, location: 2F 1-2: Foul Ball, location: 2F 1-2: Ball 2-2: Foul Ball, location: 2F 2-2: Foul Ball, location: 2F 2-2: Foul Ball, location: 2F 2-2: SINGLE (Line Drive, 6MD) Javier Santos to third Diego Bonilla to second Runner from 3rd tries for Home, SAFE, no throw
|
Batting: LHB Raúl Aguirre
|
0-0: Ball 1-0: Called Strike 1-1: Ball 2-1: Swinging Strike 2-2: Strikes out swinging
|
Pitching: LHP Glen Holland
|
|
Batting: LHB Álex Burgos
|
0-0: Ground out U3 (Groundball, 34)
|
Top of the 7th over - 1 run(s), 2 hit(s), 0 error(s), 2 left on base; Hialeah 4 - Brinkley 2 |
BOTTOM OF THE 7TH |
Brinkley Belugas batting - Pitching for Hialeah Dodos : RHP Jim Unknown
|
Now in RF: Alexis Smeddon
|
|
Batting: RHB Manny Carbajal
|
0-0: Ball 1-0: Ball 2-0: Swinging Strike 2-1: SINGLE (Flyball, 78S)
|
Batting: RHB Arnold Giroux
|
0-0: Foul Ball, location: 2F 0-1: Ball 1-1: Sac Bunt - play at second, runner OUT! 1-6
|
Batting: SHB Noel King
|
0-0: Ball Arnold Giroux is caught stealing 2nd base 1-0: Foul Ball, location: 2F 1-1: Called Strike 1-2: Ball 2-2: Ground out U3 (Groundball, 3)
|
Bottom of the 7th over - 0 run(s), 1 hit(s), 0 error(s), 0 left on base; Hialeah 4 - Brinkley 2 |
TOP OF THE 8TH |
Hialeah Dodos batting - Pitching for Brinkley Belugas : LHP Glen Holland
|
Batting: LHB Scott Janousek
|
0-0: Swinging Strike 0-1: Ball 1-1: Ball 2-1: Foul Ball, location: 2F 2-2: Ball 3-2: Strikes out looking
|
Batting: RHB Vincente Rotham
|
0-0: Foul Ball, location: 2F 0-1: Ball 1-1: SINGLE (Line Drive, 78S)
|
Batting: LHB Errol Levick
|
0-0: Called Strike 0-1: Called Strike 0-2: Ball 1-2: Strikes out looking
|
Batting: RHB Javier Santos
|
0-0: Ball 1-0: Ground out 1-3 (Groundball, 13)
|
Top of the 8th over - 0 run(s), 1 hit(s), 0 error(s), 1 left on base; Hialeah 4 - Brinkley 2 |
BOTTOM OF THE 8TH |
Brinkley Belugas batting - Pitching for Hialeah Dodos : RHP Jim Unknown
|
Batting: RHB Steve Jones
|
0-0: Called Strike 0-1: Ball 1-1: Fly out, F7 (Line Drive, 78S)
|
Batting: RHB Jay Kidd
|
0-0: Ball 1-0: Foul Ball, location: 2F 1-1: Fly out, F2 (Popup, 5S)
|
Batting: LHB Eric Porter
|
0-0: Called Strike 0-1: Ball 1-1: Ball 2-1: SINGLE (Groundball, 4D)
|
Pitching: LHP Travis Grant
|
|
Batting: RHB Brandon Cole
|
0-0: Called Strike 0-1: Ball 1-1: Hit by Pitch Eric Porter to second
|
Pinch Hitting: RHB Tom Christensen
|
0-0: Ball 1-0: Fly out, F9 (Flyball, 9LS)
|
Bottom of the 8th over - 0 run(s), 1 hit(s), 0 error(s), 2 left on base; Hialeah 4 - Brinkley 2 |
TOP OF THE 9TH |
Hialeah Dodos batting - Pitching for Brinkley Belugas : LHP Glen Holland
|
Now at 1B: Michael Nelson
|
|
Batting: RHB Daniel Ruíz
|
0-0: Ball 1-0: Foul Ball, location: 2F 1-1: Ball 2-1: Foul Ball, location: 2F 2-2: Ball 3-2: Foul Ball, location: 2F 3-2: Reached on error, E4 (Groundball, 4)
|
Batting: RHB Diego Bonilla
|
0-0: Swinging Strike 0-1: Ground out 6-3 (Groundball, 6)
|
Batting: RHB Alexis Smeddon
|
0-0: Ball 1-0: DOUBLE (Flyball, 89D) Daniel Ruíz scores
|
Batting: LHB Raúl Aguirre
|
0-0: Ground out 3-1 (Groundball, 34S) Alexis Smeddon to third
|
Batting: LHB Álex Burgos
|
0-0: Called Strike 0-1: Ball 1-1: Called Strike 1-2: Ball 2-2: Hit by Pitch
|
Batting: LHB Scott Janousek
|
0-0: Ball 1-0: Ball 2-0: Ball 3-0: Base on Balls Álex Burgos to second
|
Batting: RHB Vincente Rotham
|
0-0: Foul Ball, location: 2F 0-1: Ball 1-1: Foul Ball, location: 2F 1-2: Foul Ball, location: 2F 1-2: Foul Ball, location: 2F 1-2: Fly out, F9 (Flyball, 9)
|
Top of the 9th over - 1 run(s), 1 hit(s), 1 error(s), 3 left on base; Hialeah 5 - Brinkley 2 |
BOTTOM OF THE 9TH |
Brinkley Belugas batting - Pitching for Hialeah Dodos : LHP Travis Grant
|
Pitching: RHP Santiago Maes
|
|
Batting: LHB Ubbe van Antwerpen
|
0-0: Foul Ball, location: 2F 0-1: Ground out 4-3 (Groundball, 4)
|
Batting: RHB Manny Carbajal
|
0-0: Ball 1-0: Ground out 4-3 (Groundball, 34D)
|
Batting: RHB Arnold Giroux
|
0-0: Foul Ball, location: 2F 0-1: Foul Ball, location: 2F 0-2: Ball 1-2: Ground out 6-3 (Groundball, 6D)
|
Bottom of the 9th over - 0 run(s), 0 hit(s), 0 error(s), 0 left on base; Hialeah 5 - Brinkley 2 |
|